 Dungeon Crawl Stone Soup version 0.20.0-15-g7f486f2 (webtiles) character file.

588 NoAnimeNoLife the Archer (level 7, -2/55 HPs)
             Began as a Centaur Hunter on June 13, 2017.
             Killed from afar by an orc wizard (5 damage)
             ... with a puff of flame
             ... on level 4 of the Dungeon.
             The game lasted 00:03:54 (2447 turns).

NoAnimeNoLife the Archer (Centaur Hunter)           Turns: 2447, Time: 00:03:55

Health: -2/55      AC:  4    Str: 15    XL:     7   Next: 15%
Magic:  0/7        EV:  9    Int: 10    God:
Gold:   161        SH:  0    Dex: 11    Spells: 6/6 levels left

rFire    . . .     SeeInvis .   a - +1 shortbow
rCold    . . .     Gourm    .   (shield currently unavailable)
rNeg     . . .     Faith    .   c - +0 leather armour
rPois    .         Spirit   +   (no helmet)
rElec    .         Reflect  .   l - scarf {Spirit}
rCorr    .         Harm     .   (no gloves)
MR       .....                  (no barding)
Stlth    ..........             (no amulet)
Regen    0.2/turn               (no ring)
MPRegen  0.1/turn               (no ring)

@: confused, very quick
A: hooves 3, deformed body, speed 2, tough skin 3
a: no special abilities


You were on level 4 of the Dungeon.
You were hungry.

You visited 1 branch of the dungeon, and saw 4 of its levels.

You collected 161 gold pieces.

Inventory:

Hand Weapons
 a - a +1 shortbow (weapon)
 b - a +0 short sword
 q - a +2 quarterstaff of chaos
Missiles
 d - 20 arrows (quivered)
Armour
 c - a +0 leather armour (worn)
 l - a scarf of spirit shield (worn)
 m - a cursed +0 shield
Jewellery
 p - a +2 amulet of reflection {unknown}
Wands
 s - a wand of polymorph (12/24)
Scrolls
 e - 4 scrolls of teleportation {unknown}
 h - 6 scrolls of remove curse {unknown}
 j - a scroll of identify {unknown}
 n - 3 scrolls of noise {unknown}
 t - a scroll of fear {unknown}
 u - a scroll of enchant armour {unknown}
Potions
 i - 2 potions of curing {unknown}
 k - a potion of berserk rage {unknown}
 o - a potion of mutation {unknown}
 r - a potion of might {unknown}
Comestibles
 f - 2 bread rations
 g - 2 royal jellies


   Skills:
 - Level 2.1 Fighting
 + Level 11.1 Bows
 - Level 1.3 Dodging
 - Level 0.4 Stealth


You had 6 spell levels left.
You didn't know any spells.

Dungeon Overview and Level Annotations

Branches:
Dungeon (4/15)
 Temple: D:4-7

Altars:
Trog


Innate Abilities, Weirdness & Mutations

You have hooves in place of feet.
Armour fits poorly on your strangely shaped body.
You cover ground very quickly.
You have extremely tough skin. (AC +3)


Message History

The magic dart hits you!
* * * LOW HITPOINT WARNING * * *
You hear some strange, mumbled words.
A puff of flame appears from out of thin air!
The puff of flame hits you!
* * * LOW HITPOINT WARNING * * *
You feel less confused.
You hear some strange, mumbled words.
You are confused.
Firing (i - inventory):
d - 21 arrows (quivered)
Press: ? - help, Shift-Dir - straight line You shoot an arrow.
You hear some strange, mumbled words.
A magic dart appears from out of thin air!
The magic dart hits you!
* * * LOW HITPOINT WARNING * * *
You hear some strange, mumbled words.
A puff of flame appears from out of thin air!
The puff of flame hits you!
You die...

.#....>..#...# #.....#...#.
.#...†...'...# #.....'...#.
#####†####.###########.....#<###.
....†..###'#..(..(.......###.#(..
.......#...#.............#...'...
.......#...#.............#..[#...
.......#...#.............#...#...
.......#...#............(#...#...
.......#...#....@............#...
.......#####........(((...(###...
#####............##########....##
....#............#.....# #....#
....#............(.....# #....#
....'............#.....# #....#
....#............#.....# #....#
###.#............###..## #....#
###.###+####.......#### #####


There were no monsters in sight!

Vanquished Creatures
  Sigmund (D:2)
  The ghost of Nr616 the Ruffian, an amateur NaMo (D:3)
  Crazy Yiuf (D:2)
  A bullfrog skeleton (D:4)
  Ijyb (D:3)
  2 worker ants (D:4)
  Robin (D:3)
  2 gnolls (D:1)
  3 adders
  An ooze (D:1)
  A worm (D:3)
  3 dart slugs
  3 leopard geckos
  2 orcs (D:4)
  7 giant cockroaches
  13 goblins
  8 hobgoblins
  6 jackals
  5 kobolds
  5 ball pythons
  9 bats
  5 frilled lizards
  6 rats
87 creatures vanquished.

Notes
Turn   | Place    | Note
-------+----------+-------------------------------------------
     0 | D:1      | NoAnimeNoLife the Centaur Hunter began the quest for the Orb.
     0 | D:1      | Reached XP level 1. HP: 17/17 MP: 1/1
    62 | D:1      | Reached skill level 6 in Bows
    62 | D:1      | Reached XP level 2. HP: 24/24 MP: 2/2
   310 | D:1      | Reached XP level 3. HP: 29/29 MP: 3/3
   637 | D:1      | Reached skill level 7 in Bows
   822 | D:2      | Reached XP level 4. HP: 36/36 MP: 4/4
   877 | D:2      | Found a faded altar of an unknown god.
   901 | D:2      | Noticed Sigmund
   909 | D:2      | Killed Sigmund
   909 | D:2      | Reached skill level 9 in Bows
   909 | D:2      | Reached XP level 5. HP: 32/41 MP: 3/5
  1037 | D:2      | Found a runed door.
  1280 | D:2      | Noticed Crazy Yiuf
  1308 | D:2      | Killed Crazy Yiuf
  1308 | D:2      | Reached XP level 6. HP: 48/48 MP: 6/6
  1360 | D:3      | Noticed Robin
  1404 | D:3      | Killed Robin
  1566 | D:3      | Noticed Nr616's ghost (amateur NaMo)
  1602 | D:3      | Killed Nr616's ghost
  1602 | D:3      | Reached skill level 10 in Bows
  1733 | D:3      | Noticed Ijyb
  1747 | D:3      | Killed Ijyb
  2110 | D:4      | Reached XP level 7. HP: 46/55 MP: 7/7
  2310 | D:4      | Reached skill level 11 in Bows
  2331 | D:4      | Found a bloodstained altar of Trog.
  2446 | D:4      | HP: 2/55 [something/magic dart (3)]
  2447 | D:4      | Killed from afar by an orc wizard

Skill      XL: |  1  2  3  4  5  6  7 |
---------------+----------------------+-----
Bows           | 6 7 9 10 11 | 11.1
Fighting       | |  2.1
Dodging        | |  1.3
Stealth        | |  0.4

Action                   |  1- 3 |  4- 6 |  7- 9 || total
-------------------------+-------+-------+-------++-------
Melee: Shortbow          |       |       |     1 ||     1
 Fire: Shortbow          |    81 |   157 |    40 ||   278
  Eat: Chunk             |       |     1 |     1 ||     2
Armor: Leather armour    |     6 |    22 |     5 ||    33
Dodge: Dodged            |     4 |    21 |     5 ||    30
